 Dungeon Crawl Stone Soup version 0.32-a0-136-gc02482bde3 (webtiles) character file.

Game seed: 4059476590774650360

1998 pokeman the Thaumaturge (level 9, -12/43 (49) HPs)
             Began as a Deep Elf Hedge Wizard on Feb 10, 2024.
             Killed from afar by a laughing skull (17 damage)
             ... with a bolt of negative energy
             ... on level 7 of the Dungeon.
             The game lasted 00:10:46 (6489 turns).

pokeman the Thaumaturge (Deep Elf Hedge Wizard)     Turns: 6489, Time: 00:10:47

HP:   -12/43 (49)   AC:  5    Str:  7    XL:     9   Next: 2%
MP:   17/25         EV: 13    Int: 24    God:
Gold: 276           SH:  0    Dex: 20    Spells: 13/29 levels left

rFire   + . .        t - +0 hand axe (heavy)
rCold   + . .        (no shield)
rNeg    . . .        u - +2 robe {rC+ rF+}
rPois   .            a - +0 helmet
rElec   .            (no cloak)
rCorr   +            (no gloves)
SInv    .            (no boots)
Will    +....        (no amulet)
Stlth   +++          k - ring of willpower
HPRegen 0.27/turn    B - ring of Winter {rCorr Dex+6}
MPRegen 0.19/turn

%: no passive effects
@: heavily drained
A: no striking features
a: no special abilities


You were on level 7 of the Dungeon.
You visited 2 branches of the dungeon, and saw 8 of its levels.

You collected 276 gold pieces.

Inventory:

Hand Weapons
 t - a +0 heavy hand axe (weapon)
Armour
 a - a +0 helmet (worn)
 e - an orb of light
 j - an orb of energy
 u - a +2 robe of resistance (worn)
 x - the +0 robe of an ossuary {rPois rCorr}
   (You found it on level 5 of the Dungeon)

   rPois:     It protects you from poison rCorr: It protects you from acid and
   corrosion.
Jewellery
 k - a ring of willpower (left hand)
 r - a ring of resist corrosion
 s - a +6 ring of strength
 B - the ring of Winter (right hand) {rCorr Dex+6}
   (You found it on level 6 of the Dungeon)

   [ring of dexterity]

   Dex+6:     It affects your dexterity (+6).
   rCorr:     It protects you from acid and corrosion.
Wands
 l - a wand of roots (6)
 C - a wand of quicksilver (6)
Scrolls
 c - 2 scrolls of vulnerability {unknown}
 g - 7 scrolls of identify {unknown}
 m - a scroll of noise {unknown}
 o - 7 scrolls of fog {unknown}
 p - 2 scrolls of enchant armour {unknown}
 v - 2 scrolls of silence {unknown}
 w - a scroll of poison {unknown}
 y - a scroll of teleportation {unknown}
Potions
 b - a potion of heal wounds {unknown}
 d - a potion of magic
 f - a potion of haste {unknown}
 h - 2 potions of invisibility {unknown}
 i - 3 potions of brilliance {unknown}
 n - 2 potions of cancellation {unknown}
 q - 5 potions of curing {unknown}
 z - a potion of lignification {unknown}
 A - a potion of attraction {unknown}


   Skills:
 + Level 2.3 Fighting
 - Level 3.0 Armour
 - Level 3.1 Dodging
 - Level 3.0 Stealth
 * Level 10.7 Spellcasting
 + Level 5.7 Conjurations
 - Level 1.1 Summonings
 - Level 1.1 Translocations
 + Level 4.5 Fire Magic
 - Level 1.0 Air Magic
 - Level 1.0 Alchemy
 - Level 1.0 Evocations


You had 13 spell levels left.
You knew the following spells:

 Your Spells              Type           Power      Damage    Failure   Level
a - Magic Dart            Conj           100%       1d8       1%          1
b - Mephitic Cloud        Conj/Alch/Air  25%        N/A       4%          3
c - Call Imp              Summ           36%        N/A       4%          2
d - Blink                 Tloc           36%        N/A       4%          2
e - Fireball              Conj/Fire      18%        3d9       16%         5
f - Volatile Blastmotes   Fire/Tloc      52%        2d14      4%          3

Your spell library contained the following spells:

 Spells                   Type           Power      Damage    Failure   Level
 Slow                     Hex            48%        N/A       4%          1
 Dazzling Flash           Conj/Hex       52%        N/A       4%          3
 Cigotuvi's Dreadful Rot  Necr/Alch/Air  32%        N/A       5%          2
 Cause Fear               Hex            6%         N/A       43%         4
 Starburst                Conj/Fire      18%        6d7       65%         6
 Maxwell's Capacitive Co  Air            8%         ∞         100%        8
 Dragon's Call            Summ           9%         N/A       100%        9


Dungeon Overview and Level Annotations

Branches:
Dungeon (7/15)             Temple (1/1) D:4

Altars:
Ashenzari
Cheibriados
Elyvilon
Fedhas
Gozag
Hepliaklqana
Kikubaaqudgha
Makhleb
Nemelex Xobeh
Okawaru
Qazlal
Ru
Sif Muna
Trog
Uskayaw


Message History

Item here: a wyvern corpse.
The floor, spattered with blood.
Casting: Volatile Blastmotes (dangerous; 4% risk of failure)
Confirm with . or Enter, or press ? or * to list all spells.
You blink.
Casting: Blink (safe; 4% risk of failure)
Confirm with . or Enter, or press ? or * to list all spells.
A tiny devil pulls itself out of the air.
You swap places.
The laughing skull gibbers with scorn.
The bolt of negative energy misses your cerulean imp.
The bolt of negative energy hits you!!
You feel drained.
Ouch! That really hurt!
* * * LOW HITPOINT WARNING * * *
The laughing skull headbutts your cerulean imp!
Your cerulean imp hits the laughing skull with a -3 spear.
The laughing skull headbutts your cerulean imp!
Your cerulean imp dies!
Your cerulean imp disappears in a puff of smoke!
Casting: Call Imp (safe; 4% risk of failure)
Confirm with . or Enter, or press ? or * to list all spells.
A cloud of volatile blastmotes flares up around you!
Run!
The laughing skull chuckles harshly at the Dungeon's lack of mercy or dignity.
The laughing skull lets out a vicious peal of laugher.
The bolt of negative energy hits you!
You feel drained.
* * * LOW HITPOINT WARNING * * *
You feel ready to blink again.
The cloud of blastmotes explodes!
The concussive blast engulfs the laughing skull.
The laughing skull resists.
The laughing skull is moderately damaged.
Aiming: Quicksilver Bolt
Press: ? - help, Shift-Dir - straight line, f - laughing skull
Aim: a laughing skull (moderately damaged, 43% to hit)
The bolt of dispelling energy hits the laughing skull!
The laughing skull is almost destroyed.
The laughing skull cackles spitefully.
The bolt of negative energy hits you!
You feel drained.
You die...
The laughing skull crumbles to pieces from sheer joy.

#..#.##.###
#.<#..#.# #
#..#..#.#
#.♣♣♣♣#.......#
♣
#.....#..#.##.#
....♣...z..#.#
.# #....)#..#.#
.# #.♣♣♣♣#?.#z#
.# #.##@# .#
#....# .#
#..### .# #..#
#..# #. . .#


You could see a laughing skull.

Vanquished Creatures
  A wyvern (D:7)
  Eustachio (D:5)
  A water moccasin (D:5)
  3 black bears
  A phantom (D:3)
  A centaur (D:7)
  Blork the orc (D:4)
  A bullfrog (D:6)
  4 scorpions
  2 wights (D:7)
  A jelly (D:5)
  3 killer bees (D:6)
  A howler monkey (D:4)
  2 bombardier beetles (D:5)
  An orc priest (D:5)
  4 sleepcaps
  2 hounds
  2 iguanas
  An orc wizard (D:5)
  Robin (D:4)
  9 adders
  2 white imps (D:7)
  2 dart slugs
  13 orcs
  A bat (D:1)
  2 endoplasms
  5 giant cockroaches
  13 goblins
  3 hobgoblins (D:4)
  2 quokkas (D:2)
  3 ball pythons
  2 frilled lizards
  3 kobolds
  4 rats
98 creatures vanquished.

Vanquished Creatures (collateral kills)
  An endoplasm (D:4)
1 creature vanquished.

Grand Total: 99 creatures vanquished

Notes
Turn   | Place    | Note
-------+----------+-------------------------------------------
     0 | D:1      | pokeman the Deep Elf Hedge Wizard began the quest for the
                  | Orb.
     0 | D:1      | Reached XP level 1. HP: 10/10 MP: 7/7
   654 | D:2      | Found a white marble altar of Elyvilon.
   727 | D:2      | Reached XP level 2. HP: 15/15 MP: 6/9
  1247 | D:2      | Found a faded altar of an unknown god.
  1533 | D:3      | Found a hide-covered altar of Uskayaw.
  1700 | D:3      | Reached skill level 5 in Spellcasting
  1700 | D:3      | Reached XP level 3. HP: 20/20 MP: 4/11
  1704 | D:3      | Learned a level 3 spell: Mephitic Cloud
  1707 | D:3      | Learned a level 2 spell: Call Imp
  1710 | D:3      | Learned a level 2 spell: Blink
  1781 | D:3      | Noticed a phantom
  1804 | D:3      | Killed a phantom
  1805 | D:3      | Reached skill level 1 in Fighting
  1805 | D:3      | Reached skill level 1 in Armour
  1805 | D:3      | Reached XP level 4. HP: 6/25 MP: 0/13
  2730 | D:4      | Reached skill level 6 in Spellcasting
  2768 | D:4      | Noticed Blork the orc
  2795 | D:4      | Killed Blork the orc
  2796 | D:4      | Reached XP level 5. HP: 17/29 MP: 11/15
  2824 | D:4      | Learned a level 5 spell: Fireball
  3007 | D:4      | Noticed Robin
  3027 | D:4      | Reached XP level 6. HP: 23/34 MP: 7/17
  3038 | D:4      | Killed Robin
  3039 | D:4      | Reached skill level 1 in Evocations
  3190 | D:4      | Reached skill level 7 in Spellcasting
  3218 | D:4      | Found a staircase to the Ecumenical Temple.
  3230 | Temple   | Entered the Ecumenical Temple
  3469 | D:4      | Reached skill level 1 in Alchemy
  3824 | D:5      | Entered Level 5 of the Dungeon
  3885 | D:5      | Found a broken altar of Ashenzari.
  3885 | D:5      | Found an iron altar of Okawaru.
  3912 | D:5      | Reached skill level 1 in Fire Magic
  3912 | D:5      | Reached skill level 1 in Air Magic
  4013 | D:5      | Reached XP level 7. HP: 35/38 MP: 8/20
  4027 | D:5      | Noticed Eustachio
  4046 | D:5      | Killed Eustachio
  4047 | D:5      | Reached skill level 8 in Spellcasting
  4531 | D:5      | Identified the +0 robe of an ossuary {rPois rCorr}
  4726 | D:5      | Reached skill level 9 in Spellcasting
  4726 | D:5      | Reached XP level 8. HP: 43/44 MP: 16/23
  5281 | D:6      | Reached skill level 5 in Conjurations
  5618 | D:6      | Identified the ring of Winter {rCorr Dex+6}
  5692 | D:6      | Reached skill level 10 in Spellcasting
  6381 | D:7      | Reached XP level 9. HP: 24/49 MP: 15/25
  6473 | D:6      | Learned a level 3 spell: Volatile Blastmotes
  6489 | D:7      | Killed from afar by a laughing skull

Illustrated notes

Levels and vault maps discovered:
D:1:      roadster_arrival_rocket_small, layout_rooms
D:2:      layout_rooms, basic_altar, chequers_ecumenical_altar_simple_redux
D:3:      layout_basic, nicolae_overflow_crystal_walls,
          dreamdust_princess_bridge
D:4:      layout_loops_ring, lemuel_temple_firewalk_b, uniq_blork_the_orc,
          uniq_robin
D:5:      layout_basic, grunt_temple_overflow_open, minivault_1, uniq_eustachio
D:6:      layout_gridville
D:7:      nzn_winding_woodlands_cross [nzn_winding_woodlands_5x15_sidewinder,
          nzn_winding_woodlands_5x15_pool, nzn_winding_woodlands_5x15_garden,
          nzn_winding_woodlands_5x15_cabin,
          nzn_winding_woodlands_15x15_thick_spiral], layout_basic,
          grunt_temple_overflow_holy_war, vehumet_statue, uniq_prince_ribbit1,
          uniq_menkaure
Temple:   hc_temple_tempest_star

Skill      XL: |  1  2  3  4  5  6  7  8 |
---------------+-------------------------+-----
Spellcasting   | 5 6 7 9 10 | 10.7
Fighting       | 1 2 |  2.3
Armour         | 1 2 3 |  3.0
Conjurations   | 2 3 4 5 |  5.7
Stealth        | 3 |  3.0
Dodging        | 3 |  3.1
Evocations     | 1 |  1.0
Alchemy        | 1 |  1.0
Fire Magic     | 1 3 4 |  4.5
Air Magic      | 1 |  1.0
Summonings     | |  1.1
Translocations | |  1.1

Action                     |  1- 3 |  4- 6 |  7- 9 || total
---------------------------+-------+-------+-------++-------
  Melee: Dagger            |    22 |    17 |       ||    39
         Punch             |     1 |     5 |     6 ||    12
         Hand axe          |       |    33 |    53 ||    86
   Cast: Magic Dart        |    70 |    79 |    81 ||   230
         Mephitic Cloud    |       |     6 |    11 ||    17
         Call Imp          |       |     3 |     3 ||     6
         Fireball          |       |       |     3 ||     3
         Volatile Blastmot |       |       |     2 ||     2
         Blink             |       |       |     1 ||     1
  Evoke: Wand              |       |       |     1 ||     1
   Stab: Confused          |       |     4 |     7 ||    11
         Sleeping          |       |     1 |       ||     1
         Distracted        |       |       |     1 ||     1
 Armour: Robe              |    23 |    44 |    32 ||    99
  Dodge: Dodged            |    25 |    48 |    54 ||   127

Table legend: (Time is in decaauts)
 A = Elapsed time spent in this place.
 B = Non-inter-level travel time spent in this place.
 C = Inter-level travel time spent in this place.
 D = Time resting spent in this place.
 E = Time spent auto-exploring this place.
 F = Levels seen in this place.
 G = Mean time per level.
                   A        B        C        D        E       F      G
               +--------+--------+--------+--------+--------+-----+--------+
         Total |   6569 |   6358 |    211 |    136 |   5381 |   8 |  821.1 |
       Dungeon |   6567 |   6356 |    211 |    136 |   5381 |   7 |  938.1 |
        Temple |      1 |      1 |      0 |      0 |      0 |   1 |    1.0 |
               +--------+--------+--------+--------+--------+-----+--------+

Top non-repeatable levels by time:
     D:4: 1496 daAuts
     D:5: 1459 daAuts
     D:6: 1179 daAuts
     D:3: 925 daAuts
     D:2: 804 daAuts
     D:1: 615 daAuts
     D:7: 86 daAuts
  Temple: 1 daAuts
